 Dungeon Crawl Stone Soup version 0.21.1-1-g345015f (webtiles) character file.

50511 lydgate the Geomancer (level 14, -30/126 HPs)
             Began as a Gargoyle Earth Elementalist on Feb 14, 2018.
             Was a High Priest of Vehumet.
             Killed from afar by an elephant (70 damage)
             ... with an exploding inner flame
             ... hexed by the player character
             ... on level 4 of the Lair of Beasts.
             The game lasted 02:57:11 (21975 turns).

lydgate the Geomancer (GrEE)                       Turns: 21975, Time: 02:57:14

Health: -30/126    AC: 27    Str: 14    XL:     14   Next: 55%
Magic:  4/35       EV:  2    Int: 19    God:    Vehumet [*****.]
Gold:   1255       SH:  9    Dex: 10    Spells: 9/30 levels left

rFire    x . .     SeeInvis .   J - +3 flail
rCold    + + .     Gourm    .   B - +1 buckler {rC+}
rNeg     + + +     Faith    .   (armour currently unavailable)
rPois    ∞         Spirit   .   (helmet currently unavailable)
rElec    .         Reflect  +   (cloak currently unavailable)
rCorr    .         Harm     .   (gloves currently unavailable)
MR       +....     Clarity  +   (boots currently unavailable) Stlth ++........NoTele +
                                w - +3 amulet of reflection
HPRegen  0.31/turn              y - ring of ice
MPRegen  0.24/turn              I - ring of magical power

@: tree-form (expiring), very slightly contaminated, hasted, invisible, very
quick
A: clarity, negative energy resistance 1, petrification resistance, rot
immunity, AC +10
a: Renounce Religion


You were on level 4 of the Lair of Beasts.
You worshipped Vehumet.
Vehumet was extremely pleased with you.
You were not hungry.
You were a tree.
You visited 2 branches of the dungeon, and saw 15 of its levels.
You also visited: Ossuary and Ice Cave.

You collected 1255 gold pieces.

Inventory:

Hand Weapons
 J - a +3 flail (weapon)
 N - a +0 dire flail of crushing
Missiles
 E - 72 stones (quivered)
Armour
 a - a +2 cloak (melded)
 i - a +1 pair of gloves (melded)
 u - a +2 hat (melded)
 B - a +1 buckler of cold resistance (worn)
 H - a +0 pair of boots (melded)
 K - a +2 animal skin of cold resistance
 Q - a +1 troll leather armour (melded)
 R - a +2 shield of protection
Magical Staves
 C - an uncursed staff of wizardry
Jewellery
 w - a +3 amulet of reflection (around neck)
 y - a ring of ice (left branch)
 I - a ring of magical power (right branch)
Wands
 f - a wand of digging (11)
 k - a wand of flame (35)
 n - a wand of enslavement (37)
 v - a wand of acid (7)
 G - a wand of clouds (1)
 P - a wand of polymorph (11)
Scrolls
 b - a scroll of holy word
 c - a scroll of fear
 g - 3 scrolls of fog
 l - 2 scrolls of teleportation
 r - a scroll of identify
 D - 5 scrolls of remove curse
 O - 2 scrolls of amnesia
Potions
 j - 2 potions of invisibility
 o - a potion of haste
 p - a potion of lignification
 q - a potion of curing
 s - 5 potions of agility
 t - a potion of brilliance
 z - 2 potions of resistance
 L - a potion of ambrosia
Books
 e - a book of Geomancy

   Spells                             Type                      Level
   a - Sandblast                      Earth                        1
   b - Passwall                       Transmutation/Earth          2
   c - Stone Arrow                    Conjuration/Earth            3
   d - Petrify                        Transmutation/Earth          4
   e - Lee's Rapid Deconstruction     Earth                        5
 m - a book of Misfortune

   Spells                             Type                      Level
   a - Confusing Touch                Hexes                        1
   b - Confuse                        Hexes                        3
   c - Gell's Gravitas                Translocation                3
   d - Petrify                        Transmutation/Earth          4
   e - Metabolic Englaciation         Hexes/Ice                    5
   f - Yara's Violent Unravelling     Hexes/Transmutation          5
 F - a book of Debilitation

   Spells                             Type                      Level
   a - Corona                         Hexes                        1
   b - Slow                           Hexes                        2
   c - Inner Flame                    Hexes/Fire                   3
   d - Portal Projectile              Hexes/Translocation          3
   e - Cause Fear                     Hexes                        4
   f - Leda's Liquefaction            Hexes/Earth                  4
Miscellaneous
 M - a lamp of fire
Comestibles
 d - 14 rations
 x - 5 chunks of flesh


   Skills:
 + Level 8.6 Fighting
 + Level 7.3 Maces & Flails
 + Level 8.0 Armour
 + Level 6.8 Dodging
 - Level 2.3 Stealth
 + Level 7.8 Shields
 + Level 8.7 Spellcasting
 + Level 7.7 Conjurations
   Level 0.7 Transmutations
 + Level 8.5 Fire Magic
 + Level 11.3 Earth Magic
 + Level 7.1 Evocations


You had 9 spell levels left.
You knew the following spells:

 Your Spells              Type           Power        Failure   Level  Hunger
a - Sandblast             Erth           ######       1%          1    None
b - Stone Arrow           Conj/Erth      #####.       1%          3    None
c - Lee's Rapid Deconstr  Erth           ######....   1%          5    #####..
d - Flame Tongue          Conj/Fire      #####        1%          1    None
e - Conjure Flame         Conj/Fire      #####...     1%          3    None
f - Inner Flame           Hex/Fire       ###.....     1%          3    None
g - Confusing Touch       Hex            #.....       9%          1    None
h - Leda's Liquefaction   Hex/Erth       ####......   9%          4    ###....


Dungeon Overview and Level Annotations

Branches:
Dungeon (11/15)            Temple (0/1) D:7            Lair (4/6) D:11
  Swamp (0/4) Lair:3       Spider (0/4) Lair:2          Orc (0/2) D:11

Altars:
Ashenzari
Cheibriados
Hepliaklqana
Kikubaaqudgha
Makhleb
Nemelex Xobeh
Okawaru
Qazlal
Vehumet
Xom
Yredelemnul
Zin
The Shining One

Annotations:
D:4 ceb's ghost, novice HOFi


Innate Abilities, Weirdness & Mutations

You are resistant to torment.
((Your stone body is resilient. (AC +10)))
You are immune to poison.
((Your large and strong wings let you fly indefinitely.))
You resist negative energy. (rN+)
((You are resistant to electric shocks. (rElec)))
((You can survive without breathing.))
You are immune to petrification.
You are immune to rotting.
((You have a pair of small horns on your head.))
You possess an exceptional clarity of mind.


Message History

The elephant trunk-slaps you but does no damage.
A blink frog comes into view.
Casting: Sandblast
Confirm with . or Enter, or press ? or * to list all spells.
Aiming: Sandblast
Press: ? - help, Shift-Dir - straight line, f/p - elephant
Aim: an elephant (purple smoke, moderately wounded)
Okay, then.
Casting: Sandblast
Confirm with . or Enter, or press ? or * to list all spells.
Aiming: Lee's Rapid Deconstruction
Press: ? - help, Dir - move target cursor, p - elephant The wall shatters!
The blast of rock fragments hits the elephant.
The elephant explodes!
The fiery explosion engulfs the elephant.
The elephant is severely wounded.
The fiery explosion engulfs you! The fire burns you terribly!
Ouch! That really hurt!
You die...

##...........#...###
#..................#
##....##.#..........#
#.##.####...##P##..P#
#.#### #.....### .##
##.## ##...## .. #...#
#Y...## . ##..# #§§§§F#
#.## #§Y♣P#.#...##...
#.## #§§§§...........
##..# #....<...F......
##P..## #...............
#...#.# ##.........F.....
##...## #.........F......
#...## #.........D......
###.### ##.......<.......
##...###.#...............


You could see a six-headed hydra (wandering), 2 elephants and 4 blink frogs.

Vanquished Creatures
  A frost giant (IceCv)
  Josephine (D:9)
  The ghost of Miyamura the Skirmisher, a journeyman DrTm of Ashenzari (D:9)
  Harold (D:11)
  5 hydras
  A catoblepas (Lair:4)
  The ghost of Autsider the Thrower, a novice CeGl of Okawaru (Lair:1)
  A death yak (IceCv)
  A two-headed ogre (D:10)
  Nergalle (Lair:2)
  Sonja (D:11)
  An unseen horror (D:11)
  An oklob plant (Lair:1)
  11 elephants
  3 black mambas
  Joseph (D:7)
  An ice statue (IceCv)
  A gargoyle (D:10)
  A torpor snail (Lair:1)
  5 spiny frogs
  A rime drake (Lair:3)
  3 komodo dragons
  2 trolls
  16 polar bears (IceCv)
  6 hippogriffs
  3 blink frogs
  3 wyverns
  3 wraiths (D:10)
  19 yaks
  2 basilisks
  3 steam dragons
  Menkaure (Ossuary)
  A soldier ant (D:11)
  An acid dragon (D:11)
  9 water moccasins
  10 porcupines
  9 orc warriors
  An ice beast (D:6)
  3 sky beasts
  2 phantoms
  9 ogres
  2 black bears
  4 centaurs
  24 wolves
  5 big kobolds
  17 crocodiles
  4 gnoll sergeants
  14 bullfrogs
  A wyvern zombie (D:11)
  3 scorpions
  6 killer bees (D:7)
  A water moccasin skeleton (D:7)
  5 howler monkeys
  5 wights (D:6)
  An electric eel (Lair:1)
  6 crimson imps
  8 hounds
  2 centaur zombies
  A quasit (D:9)
  3 jellies
  6 bullfrog skeletons
  4 orc priests
  2 centaur skeletons
  2 iguanas
  11 orc wizards
  14 worker ants
  4 hound skeletons
  A howler monkey zombie (D:8)
  3 mummies (Ossuary)
  13 adders
  10 gnolls
  4 river rats
  2 shadow imps (D:5)
  4 dart slugs
  6 leopard geckos
  39 orcs
  10 giant cockroaches
  3 gnoll zombies (Ossuary)
  3 goblins
  3 hobgoblins
  7 jackals
  5 quokkas
  5 bats
  7 frilled lizards
  4 gnoll skeletons (Ossuary)
  2 goblin skeletons (Ossuary)
  A goblin zombie (Ossuary)
  A hobgoblin skeleton (Ossuary)
  4 hobgoblin zombies (Ossuary)
  15 kobolds
  3 orc zombies (Ossuary)
  A quokka skeleton (D:5)
  4 quokka zombies
  15 rats
  4 rat skeletons (Ossuary)
  2 rat zombies (Ossuary)
483 creatures vanquished.

Vanquished Creatures (others)
  A polar bear (IceCv)
  3 yaks (IceCv)
  4 wolves (IceCv)
  A big kobold (D:7)
  An orc wizard (D:7)
  2 worker ants (D:7)
  An adder (D:7)
  An orc (D:7)
  2 gnoll skeletons (Ossuary)
  2 gnoll zombies (Ossuary)
  2 goblin skeletons (Ossuary)
  2 goblin zombies (Ossuary)
  A hobgoblin skeleton (Ossuary)
  2 hobgoblin zombies (Ossuary)
  5 kobold skeletons (Ossuary)
  2 kobold zombies (Ossuary)
  3 orc skeletons (Ossuary)
  3 orc zombies (Ossuary)
  A rat skeleton (Ossuary)
  A rat zombie (Ossuary)
  40 fungi (D:11)
  8 plants (D:11)
88 creatures vanquished.

Grand Total: 571 creatures vanquished

Notes
Turn   | Place    | Note
-------+----------+-------------------------------------------
     0 | D:1      | lydgate the Gargoyle Earth Elementalist began the quest for the Orb.
     0 | D:1      | Reached XP level 1. HP: 10/10 MP: 3/3
   177 | D:1      | Reached XP level 2. HP: 11/15 MP: 5/5
   178 | D:1      | Reached skill level 4 in Earth Magic
   782 | D:2      | Reached XP level 3. HP: 19/19 MP: 0/6
  1339 | D:2      | Found a sparkling altar of Nemelex Xobeh.
  1439 | D:2      | Learned a level 3 spell: Stone Arrow
  1556 | D:3      | Reached XP level 4. HP: 24/24 MP: 3/8
  1841 | D:3      | Reached skill level 5 in Earth Magic
  2107 | D:3      | Found an ancient bone altar of Kikubaaqudgha.
  2244 | D:3      | Noticed an air elemental
  2246 | D:3      | Found a stormy altar of Qazlal.
  2247 | D:3      | Noticed a water elemental
  2247 | D:3      | Noticed a fire elemental
  2247 | D:3      | Noticed an earth elemental
  2322 | D:3      | Reached XP level 5. HP: 28/28 MP: 3/10
  2464 | D:4      | Found a glowing silver altar of Zin.
  2533 | D:4      | Noticed a phantom
  2634 | D:4      | Found a sand-covered staircase.
  2640 | Ossuary  | Entered an ossuary
  3025 | Ossuary  | Noticed Menkaure
  3032 | Ossuary  | Killed Menkaure
  3032 | Ossuary  | Reached skill level 6 in Earth Magic
  3032 | Ossuary  | Reached XP level 6. HP: 26/32 MP: 1/12
  3351 | D:4      | Noticed a water moccasin
  4074 | D:4      | Killed a water moccasin
  4074 | D:4      | Reached XP level 7. HP: 37/37 MP: 8/14
  4085 | D:4      | Reached skill level 1 in Fighting
  4085 | D:4      | Reached skill level 1 in Armour
  4121 | D:4      | Noticed ceb's ghost (novice HOFi)
  4217 | D:5      | Entered Level 5 of the Dungeon
  4448 | D:5      | Learned a level 5 spell: Lee's Rapid Deconstruction
  4540 | D:5      | Reached skill level 1 in Maces & Flails
  4840 | D:5      | Reached skill level 7 in Earth Magic
  4940 | D:5      | Found an iron altar of Okawaru.
  4942 | D:5      | Found a basalt altar of Yredelemnul.
  4981 | D:5      | Reached skill level 1 in Shields
  4981 | D:5      | Reached skill level 5 in Spellcasting
  4986 | D:5      | Found a shattered altar of Ashenzari.
  5089 | D:5      | Reached skill level 1 in Evocations
  5523 | D:6      | Reached XP level 8. HP: 44/44 MP: 15/15
  6706 | D:6      | Found a radiant altar of Vehumet.
  6714 | D:6      | Became a worshipper of Vehumet
  6857 | D:6      | Reached XP level 9. HP: 40/50 MP: 12/17
  7485 | D:7      | Reached skill level 8 in Earth Magic
  7785 | D:7      | Reached * piety under Vehumet
  7785 | D:7      | Offered knowledge of Flame Tongue by Vehumet.
  7794 | D:7      | Noticed Joseph
  7878 | D:6      | Learned a level 1 spell: Flame Tongue
  7896 | D:7      | Killed Joseph
  7993 | D:7      | Found a shimmering altar of Xom.
  8109 | D:7      | Found a staircase to the Ecumenical Temple.
  8133 | D:7      | Reached XP level 10. HP: 33/58 MP: 17/19
  8169 | D:7      | Found a snail-covered altar of Cheibriados.
  8732 | D:8      | Reached ** piety under Vehumet
  8847 | D:8      | Found a burning altar of Makhleb.
  8847 | D:8      | Noticed a blizzard demon
  8852 | D:8      | Offered knowledge of Throw Frost by Vehumet.
  8874 | D:8      | Reached skill level 1 in Conjurations
  9289 | D:8      | Reached skill level 5 in Armour
  9289 | D:8      | Reached skill level 1 in Fire Magic
  9349 | D:8      | Found a hazy altar of Hepliaklqana.
 10006 | D:9      | Noticed Miyamura's ghost (journeyman DrTm)
 10039 | D:9      | Killed Miyamura's ghost
 10229 | D:9      | Reached skill level 5 in Fighting
 10412 | D:8      | Reached skill level 5 in Shields
 10654 | D:9      | Offered knowledge of Conjure Flame by Vehumet.
 10660 | D:9      | Learned a level 3 spell: Conjure Flame
 10898 | D:9      | Reached skill level 9 in Earth Magic
 11552 | D:10     | Entered Level 10 of the Dungeon
 11560 | D:10     | Reached skill level 5 in Maces & Flails
 11560 | D:10     | Reached XP level 11. HP: 61/64 MP: 21/21
 11692 | D:10     | Noticed a manticore
 12511 | D:10     | Reached *** piety under Vehumet
 12865 | D:10     | Noticed Josephine
 12889 | D:9      | Killed Josephine
 13060 | D:10     | Offered knowledge of Throw Icicle by Vehumet.
 13300 | D:10     | Noticed a two-headed ogre
 13309 | D:10     | Killed a two-headed ogre
 13587 | D:11     | Learned a level 3 spell: Inner Flame
 13754 | D:10     | Reached skill level 5 in Dodging
 13754 | D:10     | Reached skill level 5 in Conjurations
 13754 | D:10     | Reached skill level 5 in Fire Magic
 13754 | D:10     | Reached skill level 10 in Earth Magic
 13754 | D:10     | Reached skill level 5 in Evocations
 13754 | D:10     | Reached XP level 12. HP: 35/71 MP: 23/23
 14152 | D:11     | Noticed Sonja
 14237 | D:11     | Found a glowing golden altar of the Shining One.
 14246 | D:11     | Killed Sonja
 14248 | D:11     | Reached **** piety under Vehumet
 14251 | D:11     | Noticed Harold
 14505 | D:11     | Offered knowledge of Irradiate by Vehumet.
 14560 | D:11     | Found a staircase to the Orcish Mines.
 14661 | D:11     | Killed Harold
 14661 | D:11     | Reached XP level 13. HP: 33/76 MP: 3/24
 15144 | D:11     | Found a staircase to the Lair.
 15459 | Lair:1   | Entered Level 1 of the Lair of Beasts
 15640 | Lair:1   | Found a frozen archway.
 15663 | IceCv    | Entered an ice cave
 16180 | IceCv    | Reached ***** piety under Vehumet
 16181 | IceCv    | Offered knowledge of Force Lance by Vehumet.
 16978 | IceCv    | Noticed a frost giant
 17037 | IceCv    | HP: 3/78 [frost giant/battleaxe of freezing (24)]
 17411 | IceCv    | HP: 1/78 [frost giant/bolt of cold (9)]
 17412 | IceCv    | Killed a frost giant
 17948 | Lair:1   | Noticed Autsider's ghost (novice CeGl)
 17970 | Lair:1   | Killed Autsider's ghost
 19018 | Lair:2   | Gained mutation: You are weak. (Str -2) [potion of mutation]
 19018 | Lair:2   | Gained mutation: You have a pair of small horns on your head. [potion of mutation]
 19018 | Lair:2   | Gained mutation: You possess an exceptional clarity of mind. [potion of mutation]
 19018 | Lair:2   | Lost mutation: You are weak. (Str -2) [potion of mutation]
 19151 | Lair:2   | Noticed Nergalle
 19167 | Lair:2   | Reached skill level 11 in Earth Magic
 19190 | Lair:2   | Killed Nergalle
 19190 | Lair:2   | Gained mutation: Your large and strong wings let you fly indefinitely. [Gargoyle growth]
 19190 | Lair:2   | Reached XP level 14. HP: 82/84 MP: 16/26
 19428 | Lair:2   | Offered knowledge of Freezing Cloud by Vehumet.
 19441 | Lair:2   | Found a hole to the Spider Nest.
 20167 | Lair:2   | Learned a level 1 spell: Confusing Touch
 21139 | Lair:3   | Found a staircase to the Swamp.
 21815 | Lair:4   | Learned a level 4 spell: Leda's Liquefaction
 21975 | Lair:4   | Killed from afar by an elephant

Skill      XL: |  1  2  3  4  5  6  7  8  9 10 11 12 13 14 |
---------------+-------------------------------------------+-----
Earth Magic    | 4 5 6 7 8 9 10 11 | 11.3
Spellcasting   | 3 4 5 6 7 8 |  8.7
Fighting       | 2 3 4 5 6 7 8 |  8.6
Armour         | 2 3 4 5 6 7 8 |  8.0
Maces & Flails | 1 2 4 5 6 7 |  7.3
Dodging        | 2 3 4 5 6 |  6.8
Shields        | 1 2 4 5 6 7 |  7.8
Evocations     | 1 2 3 4 5 6 7 |  7.1
Conjurations   | 3 5 6 7 |  7.7
Fire Magic     | 2 5 6 7 8 |  8.5
Stealth        | |  2.3
Transmutations | |  0.7

Action                   |  1- 3 |  4- 6 |  7- 9 | 10-12 | 13-15 || total
-------------------------+-------+-------+-------+-------+-------++-------
Melee: Club              |    34 |       |       |       |       ||    34
       Mace              |     2 |     3 |       |       |       ||     5
       Morningstar       |       |   114 |   142 |    26 |       ||   282
       Flail             |       |       |       |    79 |   166 ||   245
       Dire flail        |       |       |       |    46 |    33 ||    79
       Staff             |       |       |       |       |    23 ||    23
       Headbutt          |       |       |       |       |     9 ||     9
       Unarmed           |       |       |       |       |     1 ||     1
 Cast: Sandblast         |    35 |    30 |    55 |   134 |    47 ||   301
       Stone Arrow       |       |    34 |   125 |   209 |   175 ||   543
       Lee's Rapid Decon |       |       |     3 |    17 |    56 ||    76
       Flame Tongue      |       |       |     1 |    27 |   187 ||   215
       Conjure Flame     |       |       |       |     8 |    44 ||    52
       Inner Flame       |       |       |       |     5 |     9 ||    14
       Confusing Touch   |       |       |       |       |     6 ||     6
       Leda's Liquefacti |       |       |       |       |     2 ||     2
 Abil: Fly               |       |       |       |       |     1 ||     1
       Stop Flying       |       |       |       |       |     1 ||     1
Evoke: Wand              |       |     1 |     1 |    10 |       ||    12
       Lamp of fire      |       |       |       |     1 |       ||     1
  Use: Scroll            |       |     9 |     6 |    23 |     8 ||    46
       Potion            |       |       |     2 |     5 |    12 ||    19
  Eat: Chunk             |     2 |     6 |    10 |    13 |    18 ||    49
       Ration            |       |     2 |     3 |     6 |     5 ||    16
Armor: Robe              |    20 |    91 |   142 |   172 |       ||   425
       Skin              |       |       |       |     6 |    44 ||    50
       Troll leather arm |       |       |       |    70 |   311 ||   381
Dodge: Dodged            |    47 |   118 |   148 |   246 |   352 ||   911
Block: Buckler           |       |       |       |       |   152 ||   152
       Shield            |       |       |       |       |    15 ||    15
